 Dungeon Crawl Stone Soup version 0.29-a0-1061-gbc57f8fbdb (webtiles) character file.

Game seed: 10587198150476533350

149 KleinerIrrer the Insei (level 5, -7/36 HPs)
             Began as an Octopode Monk on Aug 18, 2022.
             Mangled by an orc
             ... wielding a +0 trident
              (9 damage)
             ... on level 3 of the Dungeon.
             The game lasted 00:04:36 (3188 turns).

KleinerIrrer the Insei (Octopode Monk)              Turns: 3188, Time: 00:04:36

Health: -7/36      AC:  1    Str: 10    XL:     5   Next: 31%
Magic:  5/5        EV: 14    Int: 13    God:
Gold:   36         SH:  0    Dex: 16    Spells: 4/4 levels left

rFire   . . .      SeeInvis .     - Unarmed
rCold   . . .      Faith    .   (no shield)
rNeg    . . .      Spirit   .   (helmet restricted)
rPois   .          Reflect  .   (no amulet)
rElec   .          Harm     .   (no ring)
rCorr   .          Rampage  .   (no ring)
Will    .....                   (no ring)
Stlth   +++.......              (no ring)
HPRegen 0.12/turn               (no ring)
MPRegen 0.09/turn               (no ring)
                                (no ring)
                                (no ring)

@: hasted, very quick
A: almost no armour, amphibious, 8 rings, camouflage 1, gelatinous body 1,
(nimble swimmer 1), tentacles
a: no special abilities


You were on level 3 of the Dungeon.
You visited 1 branch of the dungeon, and saw 3 of its levels.

You collected 56 gold pieces.
You spent 20 gold pieces at shops.

Inventory:

Missiles
 d - 5 stones (quivered)
Jewellery
 i - an amulet of regeneration
Scrolls
 e - 2 scrolls of teleportation {unknown}
 f - a scroll of noise {unknown}
 g - a scroll of vulnerability {unknown}
 k - 2 scrolls of identify
 m - a scroll of blinking {unknown}
Potions
 a - 2 potions of ambrosia
 b - a potion of magic
 c - 2 potions of haste
 h - a potion of curing
 j - a potion of flight {unknown}
 l - a potion of might {unknown}


   Skills:
 - Level 3.0 Fighting
 - Level 3.0 Dodging
 - Level 2.6 Stealth
 + Level 5.8 Unarmed Combat


You had 4 spell levels left.
You didn't know any spells.
Your spell library contained the following spells:

 Spells                   Type           Power      Damage    Failure   Level
 Freeze                   Ice            0%         1d3       30%         1
 Poisonous Vapours        Pois/Air       0%         N/A       43%         2
 Frozen Ramparts          Ice            0%         1d1       67%         3
 Corpse Rot               Necr/Pois/Air  0%         N/A       97%         4
 Hailstorm                Conj/Ice       0%         3d3       97%         4


Dungeon Overview and Level Annotations

Branches:
Dungeon (3/15)

Altars:
Fedhas

Shops:
D:2 ?


Innate Abilities, Weirdness & Mutations

You cannot wear most types of armour.
You are amphibious.
You can wear up to eight rings at the same time.
Your skin changes colour to match your surroundings (Stealth+).
Your rubbery body absorbs attacks. (AC +1, EV +1)
((You are camouflaged when in or above water. (Stealth+)))
You have tentacles for arms and can constrict up to eight enemies at once.


Message History

The orc wizard points at you and mumbles some strange words.
The magic dart hits you.
Unknown command.
You bump into the rock wall.
You're too confused to move!
The orc hits you from afar with a +0 trident.
The orc wizard hits you with a +0 dagger.
Unknown command.
You miss the orc wizard. The orc barely misses you.
The orc wizard barely misses you.
Unknown command.
You feel less confused. The orc closely misses you.
The orc wizard hits you with a +0 dagger.
Unknown command.
You tentacle-slap the orc wizard but do no damage.
You grab the orc wizard.
You constrict the orc wizard, but do no damage.
The orc wizard barely misses you. The orc completely misses you.
The orc wizard hits you with a +0 dagger.
Unknown command.
You tentacle-slap the orc wizard but do no damage.
You constrict the orc wizard. The orc wizard casts a spell at you.
The magic dart hits you!
* * * LOW HITPOINT WARNING * * *
The orc closely misses you.
The orc wizard hits you with a +0 dagger.
* * * LOW HITPOINT WARNING * * *
It was a potion of curing.
You feel better.
You constrict the orc wizard. The orc wizard barely misses you.
The orc hits you from afar with a +0 trident!
* * * LOW HITPOINT WARNING * * *
The orc wizard hits you with a +0 dagger.
* * * LOW HITPOINT WARNING * * *
It was a potion of haste.
You feel yourself speed up.
You constrict the orc wizard, but do no damage.
The orc wizard barely misses you.
The orc hits you from afar with a +0 trident!
You die...

##......#
.###...[...##.#
...#.##.# #.###.####.#
.....# # #.# #.# #.#
##.#.# # #.###.####.###
#.#.# # #.
#............# #.#.#
#.#.#####...###.#.#
#.#.#
.........[...##.#.#
..........#.....#.#
.......o@.......#.#
.##.###.o.....#.#.#
#....o<.......#.#
#..#.)#######.#.#######
#.>...[.o.oo#.#........
#.###.#####.#.#........
# .... #.##.#...##
#.#.# #.##.#.#.#. #.#.#
#.##.#.#.#.


You could see 2 orc wizards and an orc.

Vanquished Creatures
  An orc priest (D:2)
  5 adders
  4 worms (D:2)
  A dart slug (D:2)
  2 orcs (D:3)
  8 endoplasms
  A giant cockroach (D:2)
  6 goblins
  3 hobgoblins (D:2)
  2 jackals (D:1)
  5 kobolds
  3 quokkas
  6 ball pythons
  7 bats
  A frilled lizard (D:2)
  2 rats
57 creatures vanquished.

Notes
Turn   | Place    | Note
-------+----------+-------------------------------------------
     0 | D:1      | KleinerIrrer the Octopode Monk began the quest for the Orb.
     0 | D:1      | Reached XP level 1. HP: 16/16 MP: 1/1
   260 | D:1      | Reached XP level 2. HP: 17/21 MP: 2/2
  1070 | D:1      | Reached skill level 4 in Unarmed Combat
  1291 | D:2      | Found a blossoming altar of Fedhas.
  1323 | D:2      | Reached XP level 3. HP: 14/26 MP: 3/3
  1619 | D:2      | Found Jeced's Magic Scroll Emporium.
  1624 | D:2      | Bought a scroll of identify for 20 gold pieces
  1714 | D:2      | Found a faded altar of an unknown god.
  2094 | D:2      | Reached XP level 4. HP: 31/31 MP: 4/4
  2109 | D:2      | Reached skill level 5 in Unarmed Combat
  2261 | D:2      | Reached XP level 5. HP: 8/36 MP: 5/5
  3188 | D:3      | Mangled by an orc

Illustrated notes

Levels and vault maps discovered:
D:1:      mushboom_english_gardens, layout_basic, moated_statue
D:2:      minmay_recursive_quarters, layout_basic,
          hellmonk_ecumenical_altar_heavens_door, basic_altar, serial_shops,
          nicolae_shop_crystal
D:3:      layout_basic

Skill      XL: |  1  2  3  4 |
---------------+-------------+-----
Unarmed Combat | 4 5 |  5.8
Fighting       | |  3.0
Dodging        | |  3.0
Stealth        | |  2.6

Action                   |  1- 3 |  4- 6 || total
-------------------------+-------+-------++-------
Melee: Unarmed           |    74 |    46 ||   120
       Constrict         |    19 |    14 ||    33
       Tentacles         |    17 |     9 ||    26
       Punch             |     2 |       ||     2
Throw: Stone             |    18 |    14 ||    32
  Use: Scroll            |     1 |       ||     1
       Potion            |       |     2 ||     2
 Stab: Sleeping          |     7 |     3 ||    10
Armor: Skin              |     4 |     2 ||     6
Dodge: Dodged            |    35 |    34 ||    69

Table legend: (Time is in decaauts)
 A = Elapsed time spent in this place.
 B = Non-inter-level travel time spent in this place.
 C = Inter-level travel time spent in this place.
 D = Time resting spent in this place.
 E = Time spent auto-exploring this place.
 F = Levels seen in this place.
 G = Mean time per level.
                   A        B        C        D        E       F      G
               +--------+--------+--------+--------+--------+-----+--------+
         Total |   3182 |   3056 |    126 |    330 |   2265 |   3 | 1060.7 |
       Dungeon |   3182 |   3056 |    126 |    330 |   2265 |   3 | 1060.7 |
               +--------+--------+--------+--------+--------+-----+--------+

Top non-repeatable levels by time:
     D:2: 1468 daAuts
     D:1: 1436 daAuts
     D:3: 277 daAuts
